 Dungeon Crawl Stone Soup version 0.27.1 (webtiles) character file.

Game seed: 10161253966221481735

18 Atelerd the Stinger (level 2, -1/16 (17) HPs)
             Began as an Octopode Venom Mage on Aug 27, 2021.
             Succumbed to an adder's poison
             ... on level 2 of the Dungeon.
             The game lasted 00:01:08 (1166 turns).

Atelerd the Stinger (Octopode Venom Mage)           Turns: 1166, Time: 00:01:09

HP:   -1/16 (17)    AC:  1    Str:  7    XL:     2   Next: 66%
MP:   0/5           EV: 13    Int: 17    God:
Gold: 46            SH:  0    Dex: 12    Spells: 4/5 levels left

rFire    . . .     SeeInvis .   (no weapon)
rCold    . . .     Faith    .   (no shield)
rNeg     . . .     Spirit   .   (helmet restricted)
rPois    .         Reflect  .   (no amulet)
rElec    .         Harm     .   (no ring)
rCorr    .         Rampage  .   (no ring)
Will     .....                  (no ring)
Stlth    +++.......             (no ring)
HPRegen  0.05/turn              (no ring)
MPRegen  0.09/turn              (no ring)
                                (no ring)
                                (no ring)

@: lethally poisoned (-1 -> -15), very slightly contaminated, hasted, drained,
very quick
A: almost no armour, amphibious, 8 rings, camouflage 1, gelatinous body 1,
(nimble swimmer 1), tentacles
a: no special abilities


You were on level 2 of the Dungeon.
You visited 1 branch of the dungeon, and saw 2 of its levels.

You collected 46 gold pieces.

Inventory:

Scrolls
 b - 2 scrolls of teleportation {unknown}
 c - a scroll of identify {unknown}
Potions
 d - a potion of lignification {unknown}


   Skills:
 - Level 2.0 Dodging
 - Level 3.0 Stealth
 + Level 2.3 Spellcasting
 + Level 1.5 Transmutations
 + Level 4.0 Poison Magic


You had 4 spell levels left.
You knew the following spells:

 Your Spells              Type           Power      Damage    Failure   Level
a - Sting                 Tmut/Pois      44%        1d5       6%          1

Your spell library contained the following spells:

 Spells                   Type           Power      Damage    Failure   Level
 Poisonous Vapours        Pois/Air       16%        N/A       13%         2
 Mephitic Cloud           Conj/Pois/Air  6%         N/A       32%         3
 Olgreb's Toxic Radiance  Pois           15%        N/A       34%         4


Dungeon Overview and Level Annotations

Branches:
Dungeon (2/15)

Altars:
Qazlal


Innate Abilities, Weirdness & Mutations

You cannot wear most types of armour.
You are amphibious.
You can wear up to eight rings at the same time.
Your skin changes colour to match your surroundings (Stealth+).
Your rubbery body absorbs attacks. (AC +1, EV +1)
((You are camouflaged near water. (Stealth+)))
You have tentacles for arms and can constrict up to eight enemies at once.


Message History

Aim: an adder (53% to hit)
The sting misses the adder.
The adder barely misses you.
Casting: Sting (safe; 6% risk of failure)
Confirm with . or Enter, or press ? or * to list all spells.
Aiming: Sting (safe; 6% risk of failure)
Press: ? - help, Shift-Dir - straight line, f/p - adder
Aim: an adder (53% to hit)
The sting hits the adder.
The adder is poisoned.
The adder is heavily wounded.
The adder bites you.
Casting: Sting (safe; 6% risk of failure)
Confirm with . or Enter, or press ? or * to list all spells.
Aiming: Sting (safe; 6% risk of failure)
Press: ? - help, Shift-Dir - straight line, f/p - adder
Aim: an adder (heavily wounded, poisoned, 53% to hit)
The sting misses the adder.
The adder bites you.
* * * LOW HITPOINT WARNING * * *
You are lethally poisoned!
The adder poisons you! The adder barely misses you.
Casting: Sting (safe; 6% risk of failure)
Confirm with . or Enter, or press ? or * to list all spells.
You don't have enough magic to cast this spell.
Unknown command.
Casting: Sting (safe; 6% risk of failure)
Confirm with . or Enter, or press ? or * to list all spells.
You don't have enough magic to cast this spell.
Unknown command.
Casting: Sting (safe; 6% risk of failure)
Confirm with . or Enter, or press ? or * to list all spells.
You don't have enough magic to cast this spell.
Unknown command.
You closely miss the adder. Your grab misses the adder.
The adder is heavily wounded.
* * * LOW HITPOINT WARNING * * *
You feel sick. The adder bites you.
* * * LOW HITPOINT WARNING * * *
You are more poisoned.
The adder poisons you!
It was a potion of haste.
You feel yourself speed up.
You die...

#.≈#8.#≈≈.....#.≈###§.
#.≈#≈#.<####.#§§ #≈.
.###.≈.≈≈≈.####.#.§###≈.
................).≈≈≈≈§§
.#......................
...........####...≈≈≈≈≈.
#.........####...≈###≈.
#................≈ #≈.
#.....@.......#.. ###≈§
#....S....##.#... ≈≈≈§.
#.........# ###. §....
#..........# ## ≈§§§.
###.#######.# ###§. #.
#.# #≈. # #. #≈. ≈≈≈.
§...


You could see an adder (poisoned).

Vanquished Creatures
  A worm (D:2)
  A dart slug (D:2)
  A ball python (D:1)
  2 endoplasms
  A goblin (D:1)
  A hobgoblin (D:1)
  2 bats
  2 frilled lizards
  A rat (D:2)
  A spectral goblin (D:2)
13 creatures vanquished.

Notes
Turn   | Place    | Note
-------+----------+-------------------------------------------
     0 | D:1      | Atelerd the Octopode Venom Mage began the quest for the
                  | Orb.
     0 | D:1      | Reached XP level 1. HP: 11/11 MP: 3/3
   768 | D:1      | Reached XP level 2. HP: 17/17 MP: 0/5
   824 | D:1      | You fall into a shaft and drop 1 floor!
   956 | D:2      | Found a stormy altar of Qazlal.
   968 | D:2      | Reached skill level 4 in Poison Magic
  1075 | D:2      | Found a faded altar of an unknown god.
  1166 | D:2      | Succumbed to an adder's poison

Illustrated notes

Levels and vault maps discovered:
D:1:      mainiacjoe_arrival_reflecting_pool, layout_basic, supply_closet_lemuel
D:2:      layout_loops_ring, basic_altar,
          dreamdust_ecumenical_altar_drowned_temple, kennysheep_boxes,
          uniq_natasha

Skill      XL: |  1  2 |
---------------+-------+-----
Stealth        | 3 |  3.0
Poison Magic   | 4 |  4.0
Dodging        | |  2.0
Spellcasting   | |  2.3
Transmutations | |  1.5

Action                   || total
-------------------------++-------
Melee: Unarmed           ||    36
       Constrict         ||     3
       Tentacles         ||     3
 Cast: Sting             ||    22
  Use: Potion            ||     1
 Stab: Sleeping          ||     2
Armor: Skin              ||     6
Dodge: Dodged            ||    28
